 Dungeon Crawl Stone Soup version 0.30-a0-222-ge547ba4400 (webtiles) character file.

Game seed: 18108586722154749062

109 qw the Chopper (level 4, -10/28 HPs)
             Began as a Gargoyle Fighter on Oct 8, 2022.
             Mangled by an ogre
             ... wielding a +0 giant club
              (13 damage)
             ... on level 4 of the Dungeon.
             The game lasted 00:00:42 (2266 turns).

qw the Chopper (Gargoyle Fighter)                   Turns: 2266, Time: 00:00:42

Health: -10/28     AC: 12    Str: 21    XL:     4   Next: 90%
Magic:  0/4        EV:  7    Int:  9    God:
Gold:   124        SH:  4    Dex:  9    Spells: 3/3 levels left

rFire   . . .      SeeInvis .    Y - +0 war axe
rCold   . . .      Faith    .    c - +0 buckler
rNeg    + . .      Spirit   +    l - +0 chain mail
rPois   inf        Reflect  .    (no helmet)
rElec   +          Harm     .    (no cloak)
rCorr   .          Rampage  .    (no gloves)
Will    +....                    (no boots)
Stlth   ..........               e - amulet of guardian spirit
HPRegen 0.24/turn                o - ring of willpower
MPRegen 0.09/turn                (no ring)

@: no status effects
A: sickness immunity, AC +3, negative energy resistance 1, electricity
resistance, torment resistance 1, petrification resistance
a: no special abilities


You were on level 4 of the Dungeon.
You visited 1 branch of the dungeon, and saw 4 of its levels.

You collected 124 gold pieces.


Innate Abilities, Weirdness & Mutations

You are immune to sickness and miasma.
Your stone body is resilient. (AC +3)
You are immune to poison.
You resist negative energy. (rN+)
You are resistant to electric shocks. (rElec)
You are resistant to unholy torment.
You are immune to petrification.


   Skills:
 - Level 3.2 Fighting
 + Level 4.4 Axes
 - Level 3.2 Armour
 - Level 3.2 Shields


You had 3 spell levels left.
You didn't know any spells.
Your spell library was empty.

Inventory:

Hand Weapons
 f - a +2 flail of protection
 Y - a +0 war axe (weapon)
Armour
 c - a +0 buckler (worn)
 l - a +0 chain mail (worn)
Jewellery
 e - an amulet of guardian spirit (around neck)
 n - a ring of fire
 o - a ring of willpower (left hand)
Scrolls
 a - a scroll of identify
Potions
 d - a potion of might
 g - a potion of mutation
 h - a potion of curing
 i - a potion of heal wounds {unknown}
 k - a potion of attraction {unknown}

Dungeon Overview and Level Annotations

Branches:
Dungeon (4/15)
 Temple: D:4-7

Altars:
Dithmenos
Wu Jian

Shops:
D:1 :


Message History

You start waiting.
You feel a strong urge to attack something.
You feel your anger nearly subside.
You are no longer berserk.
You are exhausted.
You feel yourself slow down.
HP restored.
You start waiting.
You feel yourself speed up.
You recover from your berserk rage.
Done waiting.
Done exploring.
2209 ||| READING 2 scrolls of identify.
As you read the scroll of identify, it crumbles to dust.
h - a potion of curing;
2209 ||| IDENTIFYING golden potion Done exploring.
2210 ||| DROPPING potion of berserk rage.
You drop a potion of berserk rage.
Done exploring.
(D) Dungeon
Where to? (* - list waypoints, Enter - D:3, ? - help)
What level of the Dungeon? (default 1, ? - help)
There is a stone staircase leading down here.
You climb downwards.
There is a stone staircase leading up here.
Existing waypoints: (1) D:2 (2) D:3 Assign waypoint to what number? (0-9, D - delete waypoint) Waypoint 1 re-assigned from D:2 to D:4.
Found an ornate altar of the Wu Jian Council.
An ogre comes into view. It is wielding a +0 giant club.
The ogre shouts!
Enter note:
Found a thin jewelled staff.
You slash the ogre!
The ogre is moderately wounded.
The ogre hits you with a +0 giant club!!
Ouch! That really hurt!
You slash the ogre!
The ogre is severely wounded.
The ogre hits you with a +0 giant club!
You die...

.# # .# .# .##.#
##.... #+#....#
##########
#.....#
.........###.##.#
......$@........#
......O###+###..#
....... #..#
.......###.###..#
|......+.._###..#
.......###.###.##
....... #.#
.......###+###.#
..........#


You could see an ogre.

Vanquished Creatures
  7 adders
  A worm (D:3)
  2 dart slugs
  4 ball pythons
  3 bats (D:1)
  3 endoplasms
  3 giant cockroaches
  5 goblins
  3 hobgoblins
  2 kobolds
  A quokka (D:2)
  2 frilled lizards
  3 rats
39 creatures vanquished.

Notes
Turn   | Place    | Note
-------+----------+-------------------------------------------
     0 | D:1      | qw the Gargoyle Fighter began the quest for the Orb.
     0 | D:1      | Reached XP level 1. HP: 14/14 MP: 1/1
     0 | D:1      | 0 ||| qw: Version: 0.2-a-17-g79969f3
     0 | D:1      | 0 ||| qw: Game counter: 1976
     0 | D:1      | 0 ||| qw: Always use a shield: true
     0 | D:1      | 0 ||| qw: God list: Okawaru
     0 | D:1      | 0 ||| qw: Allow faded altars: false
     0 | D:1      | 0 ||| qw: Do Orc after D:15 true
     0 | D:1      | 0 ||| qw: Do second Lair branch before Depths: true
     0 | D:1      | 0 ||| qw: Lair rune preference: random
     0 | D:1      | 0 ||| qw: Plans: Normal, Zot:1-4, God:TSO, Crypt, Tomb,
                  | Pan, Slime:5, Hells, Abyss, Orb
     0 | D:1      | 0 ||| PLANNING D:1-11
    55 | D:1      | Reached skill level 2 in Axes
   357 | D:1      | Reached XP level 2. HP: 19/19 MP: 2/2
   413 | D:1      | Found Boitsor's Vocational Training.
   718 | D:1      | 718 ||| READING scroll labelled NUTITI FUUN.
   719 | D:1      | 719 ||| READING scroll labelled NITSIWNE GANI.
   757 | D:2      | Reached skill level 3 in Axes
   802 | D:2      | Reached XP level 3. HP: 23/23 MP: 3/3
  1080 | D:2      | Found a faded altar of an unknown god.
  1101 | D:2      | 1101 ||| Stepping ~*~*~tactically~*~*~ (stealth).
  1290 | D:2      | Reached XP level 4. HP: 28/28 MP: 4/4
  1325 | D:2      | 1325 ||| READING scroll labelled LALAQU DYAXT.
  1326 | D:2      | 1326 ||| READING 2 scrolls of identify.
  1326 | D:2      | 1326 ||| IDENTIFYING white potion
  1327 | D:2      | 1327 ||| DROPPING potion of flight.
  1396 | D:3      | Reached skill level 4 in Axes
  1488 | D:3      | 1488 ||| DROPPING +0 club.
  1511 | D:3      | 1511 ||| FLEEEEING.
  1514 | D:3      | 1514 ||| STAIRDANCE
  1531 | D:2      | 1531 ||| UPGRADING to amulet of guardian spirit.
  1536 | D:2      | 1536 ||| READING 2 scrolls of identify.
  1536 | D:2      | 1536 ||| IDENTIFYING brown potion
  1611 | D:3      | 1611 ||| Stepping ~*~*~tactically~*~*~ (stealth).
  1654 | D:3      | Found a shadowy altar of Dithmenos.
  1724 | D:3      | 1724 ||| Stepping ~*~*~tactically~*~*~ (stealth).
  2092 | D:3      | 2092 ||| UPGRADING to +0 chain mail.
  2102 | D:3      | 2102 ||| DROPPING +0 scale mail.
  2103 | D:3      | 2103 ||| UPGRADING to ring of willpower.
  2104 | D:3      | 2104 ||| READING scroll labelled QAX GARCHOCK.
  2105 | D:3      | 2105 ||| DRINKING 2 sapphire potions.
  2209 | D:3      | 2209 ||| READING 2 scrolls of identify.
  2209 | D:3      | 2209 ||| IDENTIFYING golden potion
  2210 | D:3      | 2210 ||| DROPPING potion of berserk rage.
  2248 | D:4      | Found an ornate altar of the Wu Jian Council.
  2260 | D:4      | Noticed an ogre
  2265 | D:4      | HP: 2/28 [ogre/+0 giant club (26)]
  2266 | D:4      | Mangled by an ogre

Levels and vault maps discovered:
D:1:      nzn_arrival_settlement, layout_basic, serial_bayou_pond_e,
          palyth_stone_intersect, nicolae_shop_vocational
D:2:      layout_loops_cross, chequers_ecumenical_altar_simple_redux
D:3:      layout_loops_ring, lemuel_tele_altar
D:4:      layout_basic, mainiacjoe_overflow_alcove_3, lemuel_doored_altar,
          gammafunk_temple_overflow_pools, minmay_temple_entry_crystal_x

Skill      XL: |  1  2  3  4 |
---------------+-------------+-----
Axes           | 2 3 4 |  4.4
Fighting       | |  3.2
Armour         | |  3.2
Shields        | |  3.2

Action                   |  1- 3 |  4- 6 || total
-------------------------+-------+-------++-------
Melee: War axe           |    69 |    43 ||   112
  Use: Scroll            |     2 |     5 ||     7
       Potion            |       |     1 ||     1
Armor: Scale mail        |    38 |    13 ||    51
Dodge: Dodged            |    30 |    18 ||    48
Block: Buckler           |    10 |     7 ||    17

Table legend:
 A = Non-vault XP
 B = Vault XP
 C = Vault XP percentage of total XP
 D = Non-vault monster count
 E = Vault monster count
 F = Vault count percentage of total count
                 A         B        C        D         E       F
            +---------+---------+-------+---------+---------+-------
      Total |     157 |       0 |   0.0 |      39 |       0 |   0.0
            +---------+---------+-------+---------+---------+-------
        D:1 |      19 |       0 |   0.0 |      11 |       0 |   0.0
        D:2 |      74 |       0 |   0.0 |      15 |       0 |   0.0
        D:3 |      64 |       0 |   0.0 |      13 |       0 |   0.0
            +---------+---------+-------+---------+---------+-------
